 Dungeon Crawl Stone Soup version 0.30.0-3-ga4e48a9924 (webtiles) character file.

Game seed: 12502546029551063969

16724 Daunt the Fencer (level 12, -13/106 (116) HPs)
             Began as a Hill Orc Wanderer on May 7, 2023.
             Was a High Priest of Dithmenos.
             Hit by a javelin thrown by Urug (26 damage)
             ... on level 2 of the Lair of Beasts.
             The game lasted 00:46:21 (13767 turns).

Daunt the Fencer (Hill Orc Wanderer)               Turns: 13767, Time: 00:46:22

HP:   -13/106 (116) AC: 10    Str: 15    XL:     12   Next: 40%
MP:   0/14          EV: 15    Int: 11    God:    Dithmenos [*****.]
Gold: 682           SH:  0    Dex: 22    Spells: 13/13 levels left

rFire   . . .        a - +4 great sword (freeze)
rCold   . . .        (shield currently unavailable)
rNeg    . . .        Y - +0 troll leather armour
rPois   +            (no helmet)
rElec   .            v - +0 cloak
rCorr   .            r - +2 pair of gloves {Stlth+}
SInv    .            B - +0 pair of boots
Will    .....        X - amulet of guardian spirit
Stlth   +++++        x - +6 ring of dexterity
HPRegen 1.17/turn    e - ring of poison resistance
MPRegen 0.14/turn

%: guardian spirit
@: wreathed by umbra, drained, invisible
A: no striking features
a: Renounce Religion, Shadow Step, Shadow Form


You were on level 2 of the Lair of Beasts.
You worshipped Dithmenos.
Dithmenos was extremely pleased with you.
You visited 2 branches of the dungeon, and saw 14 of its levels.

You collected 682 gold pieces.

Inventory:

Hand Weapons
 a - a +4 great sword of freezing (weapon)
 b - a +0 sling
 c - a +3 dagger
 C - a +0 scimitar
Missiles
 h - 23 poisoned darts
 m - 4 javelins
 p - 77 stones (quivered)
 F - 19 boomerangs
 G - 4 throwing nets
Armour
 q - a +0 chain mail
 r - a +2 pair of gloves of stealth (worn)
 t - a +0 plate armour
 v - a +0 cloak (worn)
 B - a +0 pair of boots (worn)
 N - a +0 buckler of protection
 Q - a +2 robe of cold resistance
 Y - a +0 troll leather armour (worn)
Jewellery
 e - a ring of poison resistance (right hand)
 j - a +6 ring of dexterity
 x - a +6 ring of dexterity (left hand)
 I - a ring of see invisible
 K - a ring of flight
 S - a ring of protection from fire
 X - an amulet of guardian spirit (around neck)
Wands
 D - a wand of flame (16)
 E - a wand of paralysis (31)
 J - a wand of mindburst (4)
 W - a wand of polymorph (3)
Scrolls
 k - a scroll of silence
 s - 2 scrolls of poison
 y - 2 scrolls of immolation {unknown}
 A - 6 scrolls of teleportation {unknown}
 H - 2 scrolls of brand weapon {unknown}
 O - a scroll of blinking {unknown}
 P - 2 scrolls of magic mapping {unknown}
 T - 2 scrolls of acquirement {unknown}
 U - a scroll of noise {unknown}
 V - 3 scrolls of fog {unknown}
Potions
 f - a potion of resistance
 g - 4 potions of might
 l - 4 potions of heal wounds
 n - a potion of ambrosia
 o - 6 potions of curing
 u - 3 potions of brilliance
 w - a potion of flight
 z - a potion of magic
 L - 3 potions of mutation
 M - 4 potions of attraction {unknown}
 R - a potion of cancellation {unknown}


   Skills:
 + Level 13.8 Fighting
 - Level 15.0 Long Blades
 - Level 5.0 Armour
 - Level 5.0 Dodging
 - Level 3.0 Stealth
 - Level 4.0 Shields
 - Level 1.0 Spellcasting
 - Level 3.0 Invocations


You had 13 spell levels left.
You didn't know any spells.
Your spell library contained the following spells:

 Spells                   Type           Power      Damage    Failure   Level
 Slow                     Hex            0%         N/A       36%         1
 Blink                    Tloc           0%         N/A       50%         2
 Cigotuvi's Dreadful Rot  Necr/Pois/Air  0%         N/A       50%         2
 Lesser Beckoning         Tloc           0%         N/A       50%         2
 Momentum Strike          Conj/Tloc      0%         3d8       50%         2
 Static Discharge         Conj/Air       0%         2-2/arc   50%         2
 Call Canine Familiar     Summ           0%         N/A       75%         3
 Confusing Touch          Hex            0%         N/A       75%         3
 Inner Flame              Hex/Fire       0%         N/A       75%         3
 Portal Projectile        Hex/Tloc       0%         N/A       75%         3
 Stone Arrow              Conj/Erth      0%         3d7       75%         3
 Vampiric Draining        Necr           0%         2d6       75%         3
 Animate Armour           Summ/Erth      0%         N/A       98%         4
 Flame Wave               Conj/Fire      0%         2d4       98%         4
 Leda's Liquefaction      Hex/Erth       0%         N/A       98%         4
 Sticky Flame             Conj/Fire      0%         2d3       98%         4
 Blade Hands              Tmut           0%         N/A       100%        5
 Irradiate                Conj/Tmut      0%         3d11      100%        5
 Dragon Form              Tmut           0%         N/A       100%        7
 Lehudib's Crystal Spear  Conj/Erth      0%         10d2      100%        8


Dungeon Overview and Level Annotations

Branches:
Dungeon (12/15)            Temple (0/1) D:7            Lair (2/5) D:8
  Swamp: Lair:2-3    Shoals: Lair:2-3     Snake: Lair:2-3    Spider: Lair:2-3
    Orc: D:9-12

Altars:
Dithmenos
Vehumet

Shops:
D:4 [:

Annotations:
Lair:2 Urug


Message History

The four-headed hydra bites you but does no damage.
The four-headed hydra bites you! The four-headed hydra bites you.
The four-headed hydra bites you!
Urug screams, "Payback for my eye!"
Urug hits you with a +2 eveningstar of draining.
The four-headed hydra bites you. The four-headed hydra bites you!
The four-headed hydra bites you. x2
The basilisk gazes at you. You resist with some effort.
Urug hits you but does no damage.
The four-headed hydra bites you. x4; The basilisk bites you!
* * * LOW HITPOINT WARNING * * *
Urug hits you with a +2 eveningstar of draining!!
* * * LOW HITPOINT WARNING * * *
The four-headed hydra bites you.
* * * LOW HITPOINT WARNING * * *
The four-headed hydra bites you but does no damage. x2
The four-headed hydra bites you!
* * * LOW HITPOINT WARNING * * *
The basilisk barely misses you.
Urug squints and says, "You're the ugliest harpy I ever saw."
Urug hits you with a +2 eveningstar of draining!
* * * LOW HITPOINT WARNING * * *
You turn to flesh and can move again.
Unknown command.
Unknown command.
Unknown command.
Unknown command.
Okay, then.
Unknown command.
Urug throws a javelin.
The javelin pierces through the four-headed hydra!!
The javelin barely misses you.
The javelin pierces through the plant!!
The plant begins to die.
There is an escape hatch in the floor here.
Urug throws a javelin.
The javelin misses the basilisk.
The javelin misses you.
The javelin pierces through the plant!!
Urug throws a javelin.
The javelin pierces through the basilisk!!
The javelin pierces through you!!
You die...

#..........#
#........
#.........##
#........
#..........###
##........
##...D........#
#....P####
#....o...†...#
##....##
#...........###...P##
#.....>.....##...###
#......l.....##.##
#.......^@....#..#
#.#...............#
.#...........#..#.#
##..........P.####
#.......###...#
..#.##### #..## .#
.[.## #...P #...


You could see a four-headed hydra (wandering, unable to see you), Urug (unable
to see you) and a basilisk (unable to see you).

Vanquished Creatures
  4 two-headed ogres
  3 ugly things
  A cyclops (D:12)
  3 manticores
  The ghost of Taurus the Chopper, a novice MiFi of the Shining One (D:5)
  A cane toad (Lair:1)
  A gargoyle (D:10)
  A torpor snail (Lair:1)
  2 komodo dragons (Lair:1)
  3 trolls
  Prince Ribbit (D:6)
  4 blink frogs (Lair:1)
  A hornet (D:7)
  Sigmund (D:3)
  A shadow (D:11)
  A wyvern (D:8)
  16 yaks
  A basilisk (Lair:1)
  2 steam dragons
  2 water moccasins
  An acid dragon (D:12)
  Duvessa (D:5)
  4 ice beasts
  3 orc warriors
  2 ogres
  7 centaurs
  4 wolves (Lair:1)
  4 phantoms
  2 kobold brigands
  9 bullfrogs
  A gnoll sergeant (D:9)
  3 scorpions
  9 wights
  Dowan (D:5)
  4 killer bees (D:9)
  2 howler monkeys
  3 jellies
  A gnoll bouda (D:6)
  3 hounds
  5 orc priests
  3 quasits (D:5)
  5 sleepcaps (D:6)
  An iguana (D:6)
  6 orc wizards
  13 gnolls
  5 adders
  4 white imps
  An ufetubus (D:7)
  3 worms
  5 dart slugs
  29 orcs
  7 ball pythons
  2 bats
  4 endoplasms
  3 giant cockroaches (D:1)
  7 goblins
  9 hobgoblins
  6 jackals (D:1)
  14 kobolds
  2 quokkas
  2 frilled lizards (D:1)
  5 rats
  A spectral kobold (D:2)
256 creatures vanquished.

Vanquished Creatures (others)
  An orc wizard (D:8)
  An orc (D:8)
2 creatures vanquished.

Grand Total: 258 creatures vanquished

Notes
Turn   | Place    | Note
-------+----------+-------------------------------------------
     0 | D:1      | Daunt the Hill Orc Wanderer began the quest for the Orb.
     0 | D:1      | Daunt set off with the following items: a +0 falchion, a +0
                  | buckler of protection, a +0 cloak, a scroll of fear, a +0
                  | robe.
     0 | D:1      | Reached XP level 1. HP: 18/18 MP: 2/2
   130 | D:1      | Reached XP level 2. HP: 25/25 MP: 3/3
   272 | D:1      | Reached skill level 2 in Long Blades
   407 | D:1      | Reached XP level 3. HP: 31/31 MP: 4/4
  1242 | D:2      | Reached XP level 4. HP: 35/40 MP: 5/5
  1266 | D:2      | Reached skill level 3 in Long Blades
  1328 | D:2      | Found a faded altar of an unknown god.
  1360 | D:2      | Prayed at the altar of an unknown god.
  1360 | D:2      | Became a worshipper of Dithmenos the Shadowed
  1360 | D:2      | Reached * piety under Dithmenos
  1873 | D:3      | Noticed Sigmund
  2118 | D:3      | Noticed an ice beast
  2359 | D:3      | Noticed a phantom
  2403 | D:4      | Reached XP level 5. HP: 45/47 MP: 6/6
  2948 | D:4      | Found Kegom's Self-Improvement Boutique.
  2997 | D:4      | Noticed a phantom
  3109 | D:4      | Reached skill level 5 in Fighting
  3109 | D:4      | Reached skill level 4 in Long Blades
  3147 | D:4      | Reached XP level 6. HP: 43/56 MP: 7/7
  3161 | D:4      | Reached ** piety under Dithmenos
  3430 | D:4      | Found Nepupof's Antique Armour Shop.
  3984 | D:4      | Reached skill level 5 in Long Blades
  3984 | D:4      | Reached XP level 7. HP: 47/62 MP: 8/8
  4131 | D:3      | Killed Sigmund
  4132 | D:3      | Reached skill level 6 in Long Blades
  4372 | D:5      | Entered Level 5 of the Dungeon
  4415 | D:5      | Found a transporter.
  4425 | D:5      | Noticed Taurus's ghost (novice MiFi)
  4474 | D:5      | Found a transporter.
  4570 | D:5      | Reached skill level 7 in Long Blades
  4570 | D:5      | Reached XP level 8. HP: 71/71 MP: 9/9
  4651 | D:5      | Noticed Dowan
  4652 | D:5      | Noticed Duvessa
  5101 | D:5      | Reached skill level 8 in Long Blades
  5717 | D:6      | Noticed Prince Ribbit
  5778 | D:6      | Killed Prince Ribbit
  5779 | D:6      | Reached skill level 9 in Long Blades
  6154 | D:6      | Reached skill level 10 in Long Blades
  6213 | D:6      | Reached XP level 9. HP: 43/78 MP: 10/10
  6348 | D:6      | Reached skill level 1 in Dodging
  6577 | D:6      | Reached *** piety under Dithmenos
  7540 | D:7      | Reached skill level 11 in Long Blades
  7787 | D:7      | Found a staircase to the Ecumenical Temple.
  8110 | D:7      | Noticed a hornet
  8113 | D:7      | Killed a hornet
  8517 | D:8      | Reached XP level 10. HP: 80/90 MP: 11/11
  8581 | D:8      | Found a transporter.
  8616 | D:8      | Reached skill level 12 in Long Blades
  8623 | D:8      | Found a staircase to the Lair.
  8957 | D:8      | Reached **** piety under Dithmenos
  8958 | D:8      | Reached skill level 1 in Invocations
  9007 | D:8      | Noticed a cyan ugly thing
  9008 | D:8      | Found a transporter.
  9008 | D:8      | Found a radiant altar of Vehumet.
  9009 | D:8      | Noticed a manticore
  9806 | D:5      | Killed Duvessa
  9809 | D:5      | Killed Dowan
  9901 | D:5      | Killed Taurus's ghost
 10200 | D:9      | Noticed a two-headed ogre
 10206 | D:9      | Killed a two-headed ogre
 10207 | D:9      | Reached skill level 13 in Long Blades
 10690 | D:10     | Entered Level 10 of the Dungeon
 10814 | D:10     | Got Taopsitusa's Foundations of Spellcasting
 10867 | D:10     | Reached XP level 11. HP: 76/99 MP: 13/13
 11080 | D:10     | Reached skill level 10 in Fighting
 11092 | D:10     | Reached skill level 5 in Dodging
 11156 | D:10     | Noticed a two-headed ogre
 11164 | D:10     | Killed a two-headed ogre
 11238 | D:10     | Noticed a two-headed ogre
 11251 | D:10     | Killed a two-headed ogre
 11252 | D:10     | Reached skill level 14 in Long Blades
 11681 | D:11     | Noticed a brown ugly thing
 11682 | D:11     | Killed a brown ugly thing
 11855 | D:11     | Noticed a green ugly thing
 11860 | D:11     | Killed a green ugly thing
 12250 | D:11     | Noticed a manticore
 12257 | D:11     | Killed a manticore
 12294 | D:11     | Noticed a two-headed ogre
 12302 | D:11     | Killed a two-headed ogre
 12641 | D:12     | Noticed a cyclops
 12650 | D:12     | Killed a cyclops
 12721 | D:12     | Noticed a manticore
 12727 | D:12     | Killed a manticore
 12760 | D:12     | Reached XP level 12. HP: 112/112 MP: 14/14
 12790 | D:12     | Reached skill level 5 in Armour
 13039 | Lair:1   | Entered Level 1 of the Lair of Beasts
 13064 | Lair:1   | Reached skill level 15 in Long Blades
 13415 | Lair:1   | Reached ***** piety under Dithmenos
 13747 | Lair:2   | Noticed Urug
 13754 | Lair:2   | Noticed a four-headed hydra
 13767 | Lair:2   | Hit by a javelin thrown by Urug

Illustrated notes

Levels and vault maps discovered:
D:1:      wander_arrival_chamber, layout_basic
D:2:      layout_basic, dreamdust_ecumenical_altar_drowned_temple,
          kennysheep_generic_room_8
D:3:      layout_loops_ring, uniq_sigmund
D:4:      layout_basic, serial_shops, nicolae_shop_dealshenge,
          hangedman_abyss_or_decor_passed, nicolae_shop_self_help
D:5:      layout_basic, gammafunk_ghost_stat_death, corner_web_ring,
          uniq_duvessa
D:6:      layout_layer_cave, minmay_statues_item, nicolae_sextant,
          kennysheep_generic_room_6, uniq_prince_ribbit1
D:7:      layout_basic, minmay_temple_entry_hall
D:8:      layout_loops_corners, gammafunk_temple_overflow_arena,
          lair_entry_dummy, chequers_decorated_corner, grunt_ogre_cave
D:9:      layout_roguey
D:10:     layout_grid_maze
D:11:     layout_stronghold
D:12:     layout_loops_corners, david_orc_2
Lair:1:   layout_gridlike, st_stairs_12
Lair:2:   layout_cave_pods, chequers_serial_rivers_room_b,
          infiniplex_staircase_pool_2, uniq_fannar, uniq_urug

Skill      XL: |  1  2  3  4  5  6  7  8  9 10 11 12 |
---------------+-------------------------------------+-----
Fighting       | 3 4 5 6 8 9 11 13 | 13.8
Long Blades    | 2 3 4 5 7 10 11 13 14 15 | 15.0
Stealth        | 2 3 |  3.0
Dodging        | 3 4 5 |  5.0
Invocations    | 3 |  3.0
Shields        | 4 |  4.0
Armour         | 4 5 |  5.0
Spellcasting   | |  1.0

Action                     |  1- 3 |  4- 6 |  7- 9 | 10-12 || total
---------------------------+-------+-------+-------+-------++-------
  Melee: Falchion          |   138 |   233 |   126 |       ||   497
         Long sword        |       |       |    63 |       ||    63
         Scimitar          |       |       |    94 |       ||    94
         Great sword       |       |       |    24 |   274 ||   298
   Fire: Sling             |       |       |     1 |       ||     1
  Throw: Stone             |       |     4 |    26 |    30 ||    60
         Dart              |       |       |     4 |       ||     4
  Evoke: Wand              |       |       |       |    10 ||    10
    Use: Potion            |       |     3 |     1 |     1 ||     5
         Scroll            |       |     1 |    12 |     5 ||    18
   Stab: Sleeping          |     1 |     7 |    15 |    15 ||    38
         Distracted        |       |       |       |     2 ||     2
 Armour: Robe              |    12 |       |       |    20 ||    32
         Ring mail         |    43 |    83 |    70 |    25 ||   221
         Steam dragon scal |       |       |       |     3 ||     3
         Troll leather arm |       |       |       |    38 ||    38
  Dodge: Dodged            |    72 |   105 |   101 |   226 ||   504
  Block: Buckler           |    35 |    62 |    53 |       ||   150
